 Dungeon Crawl Stone Soup version 0.31.0-1-g2c135a008e (webtiles) character file.

Game seed: 16370828542186701403

1792 qw the Skirmisher (level 9, -3/65 HPs)
             Began as a Djinni Hunter on Jan 23, 2024.
             Was a Follower of Okawaru.
             Slain by a wight
             ... wielding a +3 trident
              (9 damage)
             ... on level 7 of the Dungeon.
             The game lasted 00:00:22 (4828 turns).

qw the Skirmisher (Djinni Hunter)                   Turns: 4828, Time: 00:00:22

Health: -3/65      AC: 10    Str: 10    XL:     9   Next: 30%
Gold:   242        EV: 12    Int: 11    God:    Okawaru [*.....] SH:  0 Dex: 21

rFire   + + .        a - +0 shortbow (elec)
rCold   . . .        (shield currently unavailable)
rNeg    . . .        h - +0 ring mail
rPois   inf          c - +1 helmet
rElec   .            e - +2 cloak
rCorr   .            (no gloves)
SInv    .            (boots unavailable)
Will    .....        (no amulet)
Stlth   +            (no ring)
HPRegen 0.30/turn    j - ring of protection from cold
MPRegen 0.00/turn

%: infuse magic (-4 HP)
@: about to teleport, flying
A: sickness immunity, fire resistance 2, cold vulnerability 1, float, innate
caster, HP casting, extra vitality 1
a: Renounce Religion, Heroism


You were on level 7 of the Dungeon.
You worshipped Okawaru.
Okawaru was aware of your devotion.
You visited 2 branches of the dungeon, and saw 8 of its levels.

You collected 294 gold pieces.
You spent 52 gold pieces at shops.


Innate Abilities, Weirdness & Mutations

You are immune to sickness and miasma.
You are immune to poison.
Your flesh is very heat resistant. (rF++)
You are vulnerable to cold. (rC-)
You float through the air rather than walking.
You learn spells naturally, not from books.
Your magical power is your life essence.
You have superior vitality. (+4 MHP)


   Skills:
 - Level 5.1 Fighting
 - Level 8.0 Ranged Weapons
 - Level 2.4 Armour
 + Level 4.2 Dodging
 - Level 0.7 Stealth
 + Level 3.4 Invocations


You knew the following spells:

 Your Spells              Type           Power      Damage    Failure   Level
a - Slow                  Hex            0%         N/A       65%         1
b - Scorch                Fire           0%         2d5       78%         2
c - Summon Ice Beast      Ice/Summ       0%         N/A       95%         3
d - Dazzling Flash        Conj/Hex       0%         N/A       95%         3
Your spell library was empty.

Inventory:

Hand Weapons
 a - a +0 shortbow of electrocution (weapon)
Armour
 c - a +1 helmet (worn)
 e - a +2 cloak (worn)
 h - a +0 ring mail (worn)
Jewellery
 i - a ring of ice
 j - a ring of protection from cold (right hand)
Wands
 b - a wand of roots (9)
Scrolls
 k - 2 scrolls of teleportation
Potions
 d - 4 potions of heal wounds
 f - 3 potions of curing
 g - 3 potions of enlightenment
 l - a potion of cancellation
 m - a potion of experience {unknown}
 n - a potion of mutation
 o - a potion of might

Dungeon Overview and Level Annotations

Branches:
Dungeon (7/15)             Temple (1/1) D:5

Altars:
Ashenzari
Dithmenos
Gozag
Hepliaklqana
Nemelex Xobeh
Okawaru
Trog
Uskayaw
Wu Jian
Xom
Zin
The Shining One

Shops:
D:5 ?

Annotations:
D:3 2 transporters, qw's ghost, amateur GrHu
D:4 2 transporters, qw's ghost, novice DjHu


Message History

You shoot an arrow. The arrow hits the wight.
The wight is moderately damaged.
The wight hits you with a +0 hand axe.
You shoot an arrow. The arrow hits the wight.
Lightning courses through the wight!
You destroy the wight!
Okawaru accepts your kill.
Your Ranged Weapons skill increases to level 8!
You shoot an arrow. The arrow hits the wight.
The wight is heavily damaged.
The wight misses you.
You shoot an arrow. The arrow hits the wight!
The wight is almost destroyed.
The wight barely misses you.
You shoot an arrow. The arrow hits the wight.
You destroy the wight!
Okawaru accepts your kill.
The wight hits you from afar with a +3 trident!
You shoot an arrow.
The arrow hits the wight but does no damage.
The wight hits you from afar with a +3 trident.
The wight misses you.
You shoot an arrow. The arrow hits the wight.
The wight is moderately damaged.
The wight misses you. The wight hits you but does no damage.
The wight hits you from afar with a +3 trident!
The wight hits you with a +4 falchion!
You shoot an arrow.
The arrow hits the wight but does no damage.
The wight is moderately damaged.
The wight hits you from afar with a +3 trident.
The wight hits you with a +4 falchion!
You shoot an arrow. The arrow barely misses the wight.
The wight hits you from afar with a +3 trident!
The wight hits you with a +4 falchion!
4828 ||| READING 3 scrolls of teleportation.
As you read the scroll of teleportation, it crumbles to dust.
You feel strangely unstable.
The wight hits you from afar with a +3 trident!
You die...

##+# #.. #.# ##.##
...#.###...########
#..^.<..........#
#.#######@#####.#
#z# #.z.z...$
#..)..z.. #.)..##.#
#.#.... #.......
..#...... #########


You could see 2 wights.

Vanquished Creatures
  2 water moccasins (D:6)
  2 black bears (D:4)
  A centaur (D:5)
  An ice beast (D:6)
  3 ogres
  4 scorpions
  3 wights (D:7)
  3 bombardier beetles
  6 hounds
  A sleepcap (D:6)
  4 iguanas
  8 adders
  2 ufetubi (D:5)
  2 dart slugs
  4 ribbon worms
  4 orcs
  7 ball pythons
  2 bats
  3 endoplasms
  5 giant cockroaches
  6 goblins
  6 hobgoblins
  3 jackals (D:1)
  2 quokkas
  4 frilled lizards
  6 kobolds
  6 rats
100 creatures vanquished.

Notes
Turn   | Place    | Note
-------+----------+-------------------------------------------
     0 | D:1      | qw the Djinni Hunter began the quest for the Orb.
     0 | D:1      | Reached XP level 1. HP: 18/18 MP: 0/0
     0 | D:1      | 0 ||| qw: Version: 0.3-a-136-gdd3b4e8
     0 | D:1      | 0 ||| qw: Game counter: 1133
     0 | D:1      | 0 ||| qw: Melee chars always use a shield: true
     0 | D:1      | 0 ||| qw: God list: Okawaru
     0 | D:1      | 0 ||| qw: Allow faded altars: false
     0 | D:1      | 0 ||| qw: Do Orc after clearing Dungeon:15 true
     0 | D:1      | 0 ||| qw: Do second Lair branch before Depths: true
     0 | D:1      | 0 ||| qw: Lair rune preference: random
     0 | D:1      | 0 ||| qw: Goals: Normal
     0 | D:1      | 0 ||| PLANNING D:1-11
    95 | D:1      | Reached XP level 2. HP: 22/23 MP: 0/0
   298 | D:1      | Reached XP level 3. HP: 16/28 MP: 0/0
   298 | D:1      | Learned a level 1 spell: Slow
   370 | D:1      | Reached skill level 4 in Ranged Weapons
   615 | D:1      | 615 ||| UPGRADING to +0 ring mail.
   625 | D:1      | 625 ||| DROPPING +0 leather armour.
   626 | D:1      | 626 ||| READING 2 scrolls labelled RAAF QIGRUT.
   627 | D:1      | 627 ||| READING scroll labelled BANI PYTHONKAO.
   631 | D:1      | 631 ||| READING scroll labelled ZAOXTEGEEH.
   732 | D:1      | 732 ||| DROPPING scroll of butterflies.
   733 | D:1      | 733 ||| DROPPING scroll of amnesia.
   887 | D:2      | Reached skill level 1 in Armour
  1075 | D:2      | Reached XP level 4. HP: 34/34 MP: 0/0
  1098 | D:2      | Found a hazy altar of Hepliaklqana.
  1261 | D:2      | 1261 ||| UPGRADING to +2 cloak.
  1266 | D:2      | 1266 ||| UPGRADING to ring of ice.
  1267 | D:2      | 1267 ||| READING scroll labelled ZEYMIL YTHRIM.
  1267 | D:2      | 1267 ||| BRANDING +0 shortbow.
  1268 | D:2      | 1268 ||| READING 3 scrolls labelled SOASEY IVVEIMO.
  1268 | D:2      | 1268 ||| IDENTIFYING bubbling inky potion
  1269 | D:2      | 1269 ||| READING 2 scrolls of identify.
  1269 | D:2      | 1269 ||| IDENTIFYING ruby potion
  1270 | D:2      | 1270 ||| READING scroll of identify.
  1270 | D:2      | 1270 ||| IDENTIFYING 2 bubbling pink potions
  1271 | D:2      | 1271 ||| DRINKING 2 emerald potions.
  1272 | D:2      | 1272 ||| DROPPING potion of ambrosia.
  1273 | D:2      | 1273 ||| DROPPING potion of degeneration.
  1347 | D:3      | Found a hide-covered altar of Uskayaw.
  1372 | D:3      | Reached skill level 3 in Fighting
  1511 | D:3      | Reached XP level 5. HP: 40/40 MP: 0/0
  1511 | D:3      | Learned a level 2 spell: Scorch
  1538 | D:3      | Noticed qw's ghost (amateur GrHu)
  1539 | D:3      | Found a transporter.
  1809 | D:3      | Found a transporter.
  1825 | D:3      | Noticed a small abomination
  1915 | D:3      | 1915 ||| UPGRADING to ring of protection from cold.
  1916 | D:3      | 1916 ||| REMOVING ring of ice.
  1917 | D:3      | 1917 ||| READING scroll labelled ECWEYM KAIWY.
  1918 | D:3      | 1918 ||| READING 2 scrolls labelled TOOJUNLIT.
  1918 | D:3      | 1918 ||| ENCHANTING +0 shortbow of electrocution.
  2391 | D:4      | Noticed a black bear
  2394 | D:4      | Killed a black bear
  2395 | D:4      | Reached skill level 5 in Ranged Weapons
  2395 | D:4      | Reached XP level 6. HP: 46/46 MP: 0/0
  2431 | D:4      | Reached skill level 3 in Dodging
  2615 | D:4      | Found a transporter.
  2650 | D:4      | Found a transporter.
  2652 | D:4      | Noticed qw's ghost (novice DjHu)
  2675 | D:4      | Reached XP level 7. HP: 51/51 MP: 0/0
  2675 | D:4      | Learned a level 3 spell: Summon Ice Beast
  2858 | D:4      | Reached skill level 6 in Ranged Weapons
  3118 | D:4      | 3118 ||| READING scroll of identify.
  3118 | D:4      | 3118 ||| IDENTIFYING sedimented red potion
  3119 | D:4      | 3119 ||| READING scroll labelled BEHEB YKHLENKEJ.
  3120 | D:4      | 3120 ||| READING scroll labelled WYENABO UHEBAT.
  3121 | D:4      | 3121 ||| DRINKING 2 green potions.
  3122 | D:4      | 3122 ||| DROPPING potion of brilliance.
  3133 | D:5      | Entered Level 5 of the Dungeon
  3154 | D:5      | Reached XP level 8. HP: 58/58 MP: 0/0
  3221 | D:5      | Found a shimmering altar of Xom.
  3235 | D:5      | Found a staircase to the Ecumenical Temple.
  3236 | D:5      | 3236 ||| PLANNING TEMPLE
  3236 | D:5      | 3236 ||| UPGRADING to +0 helmet.
  3241 | D:5      | 3241 ||| READING scroll of enchant armour.
  3241 | D:5      | 3241 ||| ENCHANTING +0 helmet.
  3251 | Temple   | Entered the Ecumenical Temple
  3252 | Temple   | 3252 ||| PLANNING OKAWARU WORSHIP
  3266 | Temple   | Became a worshipper of Warmaster Okawaru
  3267 | Temple   | 3267 ||| PLANNING D:1-11
  3339 | D:5      | 3339 ||| RETREEEEATING.
  3340 | D:5      | 3340 ||| RETREEEEATING.
  3341 | D:5      | 3341 ||| RETREEEEATING.
  3342 | D:5      | 3342 ||| RETREEEEATING.
  3343 | D:5      | 3343 ||| RETREEEEATING.
  3344 | D:5      | 3344 ||| RETREEEEATING.
  3520 | D:5      | Identified the +11 trident "Tattletale" {chaos, Will-
                  | Str+5}
  3521 | D:5      | Found Onothyrph's Magic Scroll Shoppe.
  3535 | D:5      | 3535 ||| BUYING scroll of identify (26 gold).
  3535 | D:5      | Bought a scroll of identify for 26 gold pieces
  3535 | D:5      | 3535 ||| BUYING scroll of identify (26 gold).
  3535 | D:5      | Bought a scroll of identify for 26 gold pieces
  3568 | D:5      | Reached skill level 7 in Ranged Weapons
  4011 | D:5      | 4011 ||| READING 3 scrolls of identify.
  4011 | D:5      | 4011 ||| IDENTIFYING lumpy coppery potion
  4012 | D:5      | 4012 ||| READING 2 scrolls of identify.
  4012 | D:5      | 4012 ||| IDENTIFYING metallic dark potion
  4013 | D:5      | 4013 ||| READING scroll of identify.
  4013 | D:5      | 4013 ||| IDENTIFYING puce potion
  4103 | D:6      | Found a sparkling altar of Nemelex Xobeh.
  4103 | D:6      | Found a hazy altar of Hepliaklqana.
  4196 | D:6      | Reached * piety under Okawaru
  4260 | D:6      | Reached skill level 1 in Invocations
  4260 | D:6      | Reached XP level 9. HP: 61/65 MP: 0/0
  4260 | D:6      | Learned a level 3 spell: Dazzling Flash
  4814 | D:7      | Reached skill level 3 in Invocations
  4818 | D:7      | 4818 ||| RETREEEEATING.
  4821 | D:7      | Reached skill level 8 in Ranged Weapons
  4827 | D:7      | HP: 15/65 [wight/+3 trident (7)]
  4827 | D:7      | HP: 6/65 [wight/+4 falchion (9)]
  4828 | D:7      | 4828 ||| READING 3 scrolls of teleportation.
  4828 | D:7      | Slain by a wight

Levels and vault maps discovered:
D:1:      roadster_arrival_rocket_small, layout_basic, serial_curves,
          eino_curves_04, eino_curves_01
D:2:      layout_basic, basic_altar
D:3:      layout_loops_corners, mainiacjoe_overflow_concentric_impassable,
          gammafunk_ghost_abyssal_escape, serial_co_window_serial,
          co_window_corner_a, co_window_corner_a, co_window_corner_a,
          co_window_paths_b, co_window_paths_a, co_window_of_opportunity_b,
          co_window_broadway_b, co_window_corner_b, glass_columns_b,
          glass_columns_c, glass_columns_a, chequers_serial_rivers_micro_b,
          amcnicky_mini_rare_corridor_liquid
D:4:      layout_cave_pools, gammafunk_ghost_mausoleum, serial_forest,
          infiniplex_forest_zigzag_2, infiniplex_forest_clump_small,
          infiniplex_forest_clump_diagonal, infiniplex_forest_lined_2,
          infiniplex_forest_lined_3, infiniplex_forest_straight_5
D:5:      layout_basic, mainiacjoe_overflow_alcove_2, minmay_temple_entry_mist,
          serial_shops, shop, serial_glass, glass_columns_a, glass_columns_a,
          glass_columns_c, glass_columns_b, glass_columns_b, glass_columns_a,
          glass_columns_a, glass_columns_b, glass_columns_a, glass_columns_a
D:6:      layout_loops_ring, gammafunk_temple_overflow_wave, lemuel_doored_altar
D:7:      layout_loops_ring, makhleb_altar_promises_db,
          lemuel_zombie_altar_kikubaaqudgha, kennysheep_generic_room_8
Temple:   nicolae_temple_bog_church

Skill      XL: |  1  2  3  4  5  6  7  8  9 |
---------------+----------------------------+-----
Ranged Weapons | 4 5 6 7 8 |  8.0
Armour         | 1 2 |  2.4
Fighting       | 3 4 5 |  5.1
Dodging        | 3 4 |  4.2
Invocations    | 1 3 |  3.4
Stealth        | |  0.7

Action                     |  1- 3 |  4- 6 |  7- 9 || total
---------------------------+-------+-------+-------++-------
   Fire: Shortbow          |   108 |   115 |   170 ||   393
    Use: Scroll            |     3 |     6 |     8 ||    17
         Potion            |       |     1 |     1 ||     2
 Armour: Leather armour    |    15 |       |       ||    15
         Ring mail         |    14 |    49 |    94 ||   157
  Dodge: Dodged            |    39 |    32 |    85 ||   156

Table legend:
 A = Non-vault XP
 B = Vault XP
 C = Vault XP percentage of total XP
 D = Non-vault monster count
 E = Vault monster count
 F = Vault count percentage of total count
                 A         B        C        D         E       F
            +---------+---------+-------+---------+---------+-------
      Total |    2560 |       0 |   0.0 |     100 |       0 |   0.0
            +---------+---------+-------+---------+---------+-------
        D:1 |      36 |       0 |   0.0 |      23 |       0 |   0.0
        D:2 |      40 |       0 |   0.0 |      13 |       0 |   0.0
        D:3 |     133 |       0 |   0.0 |      18 |       0 |   0.0
        D:4 |     690 |       0 |   0.0 |      19 |       0 |   0.0
        D:5 |     725 |       0 |   0.0 |      14 |       0 |   0.0
        D:6 |     720 |       0 |   0.0 |      10 |       0 |   0.0
        D:7 |     216 |       0 |   0.0 |       3 |       0 |   0.0
            +---------+---------+-------+---------+---------+-------
